 Dungeon Crawl Stone Soup version 0.20.1-1-g8b1a95d (webtiles) character file.

5 Lanoc the Magician (level 1, 0/10 HPs)
             Began as a Spriggan Wanderer on Dec 3, 2017.
             Slain by a goblin
             ... wielding a +0 club
              (6 damage)
             ... on level 1 of the Dungeon.
             The game lasted 00:01:54 (235 turns).

Lanoc the Magician (Spriggan Wanderer)               Turns: 235, Time: 00:01:55

Health: 0/10       AC:  2    Str:  9    XL:     1   Next: 66%
Magic:  5/5        EV: 17    Int: 13    God:
Gold:   21         SH:  0    Dex: 14    Spells: 4/5 levels left

rFire    . . .     SeeInvis +   e - +0 dagger
rCold    . . .     Gourm    .   (shield restricted)
rNeg     . . .     Faith    .   d - +0 robe
rPois    .         Spirit   .   (helmet restricted)
rElec    .         Reflect  .   (no cloak)
rCorr    .         Harm     .   (gloves unavailable)
MR       .....                  (boots unavailable)
Stlth    ++........             (no amulet)
Regen    0.1/turn               (no ring)
MPRegen  0.1/turn               (no ring)

@: very quick
A: unfitting armour, see invisible, herbivore 3, speed 3, slow metabolism 2
a: no special abilities


You were on level 1 of the Dungeon.
You were not hungry.

You visited 1 branch of the dungeon, and saw 1 of its levels.

You collected 21 gold pieces.

Inventory:

Hand Weapons
 e - a +0 dagger (weapon)
Missiles
 i - a stone (quivered)
Armour
 d - a +0 robe (worn)
Wands
 c - a wand of random effects (15/48)
Scrolls
 h - a scroll of remove curse
 k - a scroll of enchant armour {unknown}
 m - a scroll of recharging {unknown}
 n - a scroll of noise {unknown}
 p - a scroll of identify {unknown}
Potions
 b - a potion of lignification
 g - a potion of might {unknown}
 l - a potion of mutation {unknown}
Books
 a - a book of Geomancy

   Spells                             Type                      Level
   a - Sandblast                      Earth                        1
   b - Passwall                       Transmutation/Earth          2
   c - Stone Arrow                    Conjuration/Earth            3
   d - Petrify                        Transmutation/Earth          4
   e - Lee's Rapid Deconstruction     Earth                        5
Comestibles
 f - 2 bread rations
 j - 4 fruits
 o - a royal jelly


   Skills:
 + Level 1.6 Fighting
 + Level 0.4 Short Blades
 + Level 1.9 Dodging
 + Level 1.7 Stealth
 + Level 2.7 Spellcasting
   Level 1.2 Hexes
 + Level 1.8 Earth Magic
 + Level 1.3 Evocations


You had 4 spell levels left.
You knew the following spells:

 Your Spells              Type           Power        Failure   Level  Hunger
a - Sandblast             Erth           #.....       11%         1    #......


Dungeon Overview and Level Annotations

Branches:
Dungeon (1/15)

Altars:


Innate Abilities, Weirdness & Mutations

You are very small and have problems with some larger weapons.
You are too small for most types of armour.
You have supernaturally acute eyesight. (SInv)
You are a herbivore.
You cover ground extremely quickly.
You need consume almost no food.


Message History

The bat hits you but does no damage. The goblin hits you with a club.
You barely miss the goblin.
The goblin is heavily wounded.
The bat misses you. The goblin barely misses you. The bat closely misses you.
The bat hits you but does no damage.
You hit the bat.
The bat is moderately wounded.
The bat misses you.
You hit the goblin but do no damage.
The goblin is heavily wounded.
The goblin completely misses you.
You hit the goblin but do no damage.
The goblin is heavily wounded.
The goblin closely misses you.
You closely miss the goblin.
The goblin is heavily wounded.
The goblin hits you with a club.
Ouch! That really hurt!
You die...

## ########### #>.
.......... ########.#
##....### #........#
#........ #......#.##
#..##.### #.........
#..##.#..
#..(.....##########..##.#.#
........bg@..........##.#
........g###########.#..#
.........# #.#.##
.......#.# #.#. .......#.#
#.#. .......#.# .#
########.# .# ## #.. .. ###
##


You could see a hobgoblin, a goblin and a bat.

Vanquished Creatures
  A giant cockroach (D:1)
  A goblin (D:1)
  A hobgoblin (D:1)
  A kobold (D:1)
4 creatures vanquished.

Notes
Turn   | Place    | Note
-------+----------+-------------------------------------------
     0 | D:1      | Lanoc the Spriggan Wanderer began the quest for the Orb.
     0 | D:1      | Lanoc set off with: a book of Geomancy, a potion of lignification, a wand of random effects (15/48), a +0 robe, a +0 dagger, a bread ration
     0 | D:1      | Reached XP level 1. HP: 10/10 MP: 5/5
     2 | D:1      | Learned a level 1 spell: Sandblast
   235 | D:1      | Slain by a goblin

Action                   || total
-------------------------++-------
Melee: Dagger            ||    26
  Use: Scroll            ||     1
 Stab: Sleeping          ||     2
Armor: Robe              ||     2
Dodge: Dodged            ||    17
